 Dungeon Crawl Stone Soup version 0.31-a0-198-g2ad674f65e (webtiles) character file.

Game seed: 11544547559565236540

70 qw the Shooter (level 4, -2/25 HPs)
             Began as a Deep Elf Hunter on June 25, 2023.
             Slain by an orc
             ... wielding a +1 flail of venom
              (5 damage)
             ... on level 3 of the Dungeon.
             The game lasted 00:00:33 (1429 turns).

qw the Shooter (Deep Elf Hunter)                    Turns: 1429, Time: 00:00:34

Health: -2/25      AC:  3    Str: 10    XL:     4   Next: 4%
Magic:  6/6        EV: 12    Int: 14    God:
Gold:   152        SH:  0    Dex: 18    Spells: 3/3 levels left

rFire   . . .        Y - +0 shortbow
rCold   . . .        (shield currently unavailable)
rNeg    . . .        c - +0 leather armour
rPois   .            (no helmet)
rElec   .            (no cloak)
rCorr   .            (no gloves)
SInv    .            (no boots)
Will    .....        (no amulet)
Stlth   ++           (no ring)
HPRegen 0.24/turn    (no ring)
MPRegen 0.10/turn

%: no passive effects
@: lethally poisoned (-2 -> -9), about to teleport
A: no striking features
a: no special abilities


You were on level 3 of the Dungeon.
You visited 1 branch of the dungeon, and saw 3 of its levels.

You collected 152 gold pieces.


   Skills:
 - Level 1.5 Fighting
 + Level 7.4 Ranged Weapons
 - Level 2.4 Dodging
 - Level 1.2 Stealth


You had 3 spell levels left.
You didn't know any spells.
Your spell library was empty.

Inventory:

Hand Weapons
 Y - a +0 shortbow (weapon)
Armour
 a - a +0 ring mail
 c - a +0 leather armour (worn)
Scrolls
 b - 2 scrolls of teleportation
 d - a scroll of identify

Dungeon Overview and Level Annotations

Branches:
Dungeon (3/15)

Altars:
Xom

Annotations:
D:1 2 transporters


Message History

An orc comes into view. It is wielding a +0 hand axe.
You shoot an arrow. The arrow hits the orc.
The orc shouts!
The orc is heavily wounded.
You shoot an arrow. The arrow hits the orc.
You kill the orc!
You have reached level 4!
You feel clever.
An orc comes into view. It is wielding a +0 trident.
An orc comes into view. It is wielding a +1 flail of venom.
You shoot an arrow. The orc shouts! x2
The arrow hits the orc but does no damage.
You hear a shout!
You shoot an arrow. The arrow hits the orc.
The orc is heavily wounded.
An orc comes into view. It is wielding a +0 short sword.
You shoot an arrow. The arrow hits the orc!
You kill the orc!
You shoot an arrow. The arrow hits the orc.
The orc is lightly wounded.
You shoot an arrow. The arrow barely misses the orc.
You shoot an arrow.
The arrow hits the orc but does no damage.
The orc is lightly wounded.
You shoot an arrow. The arrow closely misses the orc.
The orc hits you with a +1 flail of venom!
You are poisoned.
The orc closely misses you.
You shoot an arrow. The arrow barely misses the orc.
You feel very sick. The orc misses you. The orc hits you with a +0 short sword.
You shoot an arrow. The arrow closely misses the orc.
You feel very sick. The orc misses you. The orc hits you with a +0 short sword.
1429 ||| READING 3 scrolls of teleportation.
As you read the scroll of teleportation, it crumbles to dust.
You feel strangely unstable.
You feel sick.
The orc hits you with a +1 flail of venom.
You die...

#####..........
#........#.....
#........##..#.
#............#.
#+###.....##.#. .
###+###...........>#.
...#.....#.#+#######..#.
..)...o........# #....
.#..o@.##....######.##
###+###..........#.##
#..........#...
#..<.......#...
#.....[....#...
#..........#...
#..........#...
####...........
#...........


You could see 2 orcs.

Vanquished Creatures
  3 adders
  3 dart slugs
  2 orcs (D:3)
  4 endoplasms
  2 giant cockroaches (D:2)
  2 goblins
  4 hobgoblins
  3 quokkas
  4 ball pythons
  A bat (D:2)
  2 frilled lizards
  2 kobolds
  2 rats
34 creatures vanquished.

Notes
Turn   | Place    | Note
-------+----------+-------------------------------------------
     0 | D:1      | qw the Deep Elf Hunter began the quest for the Orb.
     0 | D:1      | Reached XP level 1. HP: 12/12 MP: 3/3
     0 | D:1      | 0 ||| qw: Version: 0.3-a-22-g0ed2b0b
     0 | D:1      | 0 ||| qw: Game counter: 5335
     0 | D:1      | 0 ||| qw: Melee chars always use a shield: true
     0 | D:1      | 0 ||| qw: God list: Okawaru
     0 | D:1      | 0 ||| qw: Allow faded altars: false
     0 | D:1      | 0 ||| qw: Do Orc after clearing Dungeon:15 true
     0 | D:1      | 0 ||| qw: Do second Lair branch before Depths: true
     0 | D:1      | 0 ||| qw: Lair rune preference: random
     0 | D:1      | 0 ||| qw: Goals: Normal
     0 | D:1      | 0 ||| PLANNING D:1-11
   153 | D:1      | Reached XP level 2. HP: 16/16 MP: 4/4
   156 | D:1      | Reached skill level 6 in Ranged Weapons
   261 | D:1      | 261 ||| READING scroll labelled XOLASS CACWOWI.
   263 | D:1      | 263 ||| DRINKING 2 puce potions.
   264 | D:1      | 264 ||| DROPPING scroll of butterflies.
   268 | D:1      | 268 ||| DROPPING potion of attraction.
   587 | D:1      | 587 ||| DRINKING 2 glowing brown potions.
   609 | D:1      | 609 ||| DROPPING potion of lignification.
   718 | D:2      | 718 ||| FLEEEEING.
   723 | D:2      | 723 ||| FLEEEEING.
   724 | D:2      | 724 ||| FLEEEEING.
   822 | D:2      | Found a shimmering altar of Xom.
   867 | D:2      | Reached XP level 3. HP: 20/20 MP: 5/5
   966 | D:2      | Reached skill level 7 in Ranged Weapons
  1148 | D:2      | HP: 5/20 [poisoned by an adder]
  1314 | D:2      | 1314 ||| READING scroll labelled KYUSUIFFAM.
  1315 | D:2      | 1315 ||| READING 3 scrolls labelled VAXAIKHACEQ.
  1318 | D:2      | 1318 ||| READING scroll labelled GOSYZY OZOKHLO.
  1419 | D:3      | Reached XP level 4. HP: 25/25 MP: 6/6
  1428 | D:3      | HP: 5/25 [orc/+0 short sword (3)]
  1429 | D:3      | 1429 ||| READING 3 scrolls of teleportation.
  1429 | D:3      | Slain by an orc

Levels and vault maps discovered:
D:1:      spicycebolla_arrival_transporter_tutorial, layout_basic,
          nicolae_the_louvre
D:2:      layout_loops_cross, basic_altar
D:3:      layout_basic, grunt_temple_overflow_holy_war,
          mainiacjoe_overflow_catwalk, nemelex_altar_shiori,
          hellmonk_ecumenical_altar_arch_garden, uniq_sigmund

Skill      XL: |  1  2  3 |
---------------+----------+-----
Ranged Weapons | 6 7 |  7.4
Fighting       | |  1.5
Dodging        | |  2.4
Stealth        | |  1.2

Action                     |  1- 3 |  4- 6 || total
---------------------------+-------+-------++-------
   Fire: Shortbow          |   109 |     9 ||   118
    Use: Potion            |     2 |       ||     2
         Scroll            |     4 |     1 ||     5
 Armour: Leather armour    |     8 |       ||     8
  Dodge: Dodged            |    25 |     3 ||    28

Table legend:
 A = Non-vault XP
 B = Vault XP
 C = Vault XP percentage of total XP
 D = Non-vault monster count
 E = Vault monster count
 F = Vault count percentage of total count
                 A         B        C        D         E       F
            +---------+---------+-------+---------+---------+-------
      Total |     101 |       0 |   0.0 |      34 |       0 |   0.0
            +---------+---------+-------+---------+---------+-------
        D:1 |      27 |       0 |   0.0 |      14 |       0 |   0.0
        D:2 |      53 |       0 |   0.0 |      16 |       0 |   0.0
        D:3 |      21 |       0 |   0.0 |       4 |       0 |   0.0
            +---------+---------+-------+---------+---------+-------
